 Dungeon Crawl Stone Soup version 0.28-a0-1347-g113dc556a4 (webtiles) character file.

Game seed: 11453179248639608893

8939 frimble the Martial Artist (level 11, -6/84 (89) HPs)
             Began as a Demonspawn Warper on Dec 30, 2021.
             Was a Follower of Uskayaw.
             Killed from afar by an electric eel (7 damage)
             ... with a bolt of electricity
             ... on level 10 of the Dungeon.
             The game lasted 00:10:58 (12848 turns).

frimble the Martial Artist (Demonspawn Warper)     Turns: 12848, Time: 00:10:58

HP:   -6/84 (89)    AC:  8    Str: 17    XL:     11   Next: 16%
MP:   0/15          EV: 14    Int: 19    God:    Uskayaw [*.....]
Gold: 425           SH:  0    Dex: 13    Spells: 15/15 levels left

rFire   . . .      SeeInvis .     - Unarmed
rCold   . . .      Faith    .   (no shield)
rNeg    . . .      Spirit   +   s - +0 troll leather armour
rPois   .          Reflect  .   (no helmet)
rElec   .          Harm     .   B - +2 cloak
rCorr   .          Rampage  .   (no gloves)
Will    .....                   (boots unavailable)
Stlth   +.........              D - amulet of magic regeneration
HPRegen 1.04/turn               j - +6 ring of strength
MPRegen 0.68/turn               q - +4 ring of slaying

@: lethally poisoned (-6 -> -9), slowed, drained, very slow
A: claws 1, hooves 3, magic shield, magic regeneration, weakness stinger 1
a: Renounce Religion, Stomp


You were on level 10 of the Dungeon.
You worshipped Uskayaw.
Uskayaw was noncommittal.
You visited 2 branches of the dungeon, and saw 11 of its levels.
You also visited: Sewer.

You collected 425 gold pieces.

Inventory:

Hand Weapons
 a - a +1 falchion
Missiles
 d - 2 boomerangs of dispersal
 m - 4 javelins
 A - 7 boomerangs (quivered)
Armour
 s - a +0 troll leather armour (worn)
 B - a +2 cloak (worn)
Jewellery
 g - an amulet of reflection
 j - a +6 ring of strength (left claw)
 q - a +4 ring of slaying (right claw)
 x - a ring of poison resistance
 D - an amulet of magic regeneration (around neck)
Wands
 b - a wand of acid (7)
 F - a wand of polymorph (14)
Scrolls
 c - 5 scrolls of blinking
 e - 2 scrolls of enchant weapon
 i - 3 scrolls of immolation
 k - 10 scrolls of identify
 v - a scroll of summoning
 w - a scroll of teleportation
 y - 2 scrolls of amnesia
Potions
 f - a potion of curing
 h - 2 potions of resistance
 l - a potion of cancellation {unknown}
 n - 3 potions of flight {unknown}
 o - 4 potions of haste {unknown}
 p - a potion of mutation {unknown}
 r - a potion of invisibility
 t - 2 potions of heal wounds
 u - a potion of might {unknown}
 z - 3 potions of ambrosia {unknown}
 C - 2 potions of attraction {unknown}
 H - a potion of brilliance {unknown}


   Skills:
 + Level 9.3 Fighting
 - Level 2.2 Long Blades
 - Level 0.8 Throwing
 + Level 6.0 Armour
 - Level 6.1 Dodging
 + Level 10.5 Unarmed Combat
 + Level 2.9 Spellcasting
 - Level 2.6 Translocations
 + Level 0.6 Invocations


You had 15 spell levels left.
You didn't know any spells.
Your spell library contained the following spells:

 Spells                   Type           Power      Damage    Failure   Level
 Blink                    Tloc           26%        N/A       9%          2
 Gell's Gravitas          Tloc           13%        N/A       19%         3
 Lesser Beckoning         Tloc           13%        N/A       19%         3
 Teleport Other           Tloc           13%        N/A       19%         3
 Static Discharge         Conj/Air       2%         N/A       28%         2
 Sublimation of Blood     Necr           2%         N/A       28%         2
 Wereblood                Tmut           2%         N/A       28%         2
 Ignite Poison            Fire/Tmut/Pois 2%         N/A       50%         3
 Mephitic Cloud           Conj/Pois/Air  2%         N/A       50%         3
 Ozocubu's Armour         Ice            2%         N/A       50%         3
 Manifold Assault         Tloc           13%        N/A       86%         5
 Airstrike                Air            1%         N/A       88%         4
 Dispel Undead            Necr           2%         3d7       88%         4
 Sticky Flame             Conj/Fire      2%         2d3       88%         4
 Summon Lightning Spire   Summ/Air       2%         N/A       88%         4
 Freezing Cloud           Conj/Ice/Air   1%         6-21      99%         5
 Lightning Bolt           Conj/Air       1%         1d12      99%         5
 Metabolic Englaciation   Hex/Ice        1%         N/A       99%         5
 Simulacrum               Ice/Necr       1%         N/A       100%        6
 Summon Hydra             Summ           1%         N/A       100%        7


Dungeon Overview and Level Annotations

Branches:
Dungeon (10/15)            Temple (1/1) D:7            Lair (0/6) D:10
  Sewer (visited)
    Orc: D:9-12

Altars:
Ashenzari
Cheibriados
Dithmenos
Fedhas
Gozag
Kikubaaqudgha
Makhleb
Nemelex Xobeh
Okawaru
Qazlal
Ru
Sif Muna
Trog
Uskayaw
Vehumet
Xom
Yredelemnul
Zin
The Shining One

Shops:
D:1 :   D:4 (


Innate Abilities, Weirdness & Mutations

You have sharp fingernails.
You have hooves in place of feet.
When hurt, damage is shared between your health and your magic reserves.
You regenerate magic rapidly.
You have a small tail.


Message History

There are monsters nearby!
Aiming: Corrosive Bolt
Press: ? - help, Shift-Dir - straight line, f - electric eel
Aim: an electric eel (53% to hit)
The bolt of acid hits the electric eel!
The acid corrodes the electric eel!
The electric eel is almost dead.
You feel yourself speed up.
You feel very sick. The hornet stings you.
You suddenly lose the ability to move!
The hornet stings you.
You shrug off the repeated paralysis!
The electric eel shoots out a bolt of lightning at you!
The bolt of electricity hits you! The hornet barely misses you.
The electric eel shoots out a bolt of lightning at you!
The bolt of electricity hits you!
You feel sick. The hornet stings you.
You are more poisoned.
You feel yourself slow down.
The electric eel shoots out a bolt of lightning at you!
The bolt of electricity hits you!
* * * LOW HITPOINT WARNING * * *
You feel very sick. The hornet stings you!
* * * LOW HITPOINT WARNING * * *
You feel as though you will be slow longer.
The hornet stings you.
* * * LOW HITPOINT WARNING * * *
You feel as though you will be slow longer.
The electric eel shoots out a bolt of lightning at you!
The bolt of electricity hits you!
* * * LOW HITPOINT WARNING * * *
You can move again.
Okay, then.
Okay, then.
You feel better. The hornet stings you!
* * * LOW HITPOINT WARNING * * *
You are lethally poisoned!
You feel as though you will be slow longer.
The electric eel shoots out a bolt of lightning at you!
The bolt of electricity hits you!
You die...

#######.# #
#.......# #
#.#####.########
#####
#..$[...........
.....
#...............
.....
#......≈≈..≈≈.≈≈
.≈...
#.$..≈≈≈≈≈≈≈≈≈≈≈
≈≈...
##..≈≈≈≈≈≈≈≈≈≈.≈
≈≈≈≈.
#....@≈≈≈≈...≈.
≈≈...
#...≈≈y≈≈.≈....
≈.≈≈≈
#............>.
≈≈≈..
#..≈≈≈S≈≈≈.....
#..≈≈≈≈≈S..≈≈≈≈
#...≈≈≈≈≈≈≈≈≈≈≈
#...≈≈≈.≈≈≈≈≈≈
#..≈≈≈..≈≈≈≈≈


You could see a hornet and 2 electric eels.

Vanquished Creatures
  A two-headed ogre (D:6)
  Pikel (D:4)
  A gargoyle (D:8)
  A komodo dragon (D:7)
  Grinder (D:4)
  2 trolls (D:10)
  A shadow (D:5)
  2 wyverns (D:9)
  A vampire (D:5)
  6 yaks (D:8)
  A steam dragon (D:9)
  A vampire mosquito (D:5)
  An acid dragon (D:8)
  3 water moccasins
  A sky beast (D:6)
  3 ice beasts
  A black bear (D:7)
  An orc warrior (D:9)
  2 necrophages
  4 ogres
  3 centaurs
  A phantom (D:4)
  A bullfrog (D:8)
  A kobold brigand (D:9)
  2 gnoll sergeants
  A scorpion (D:5)
  2 water moccasin skeletons (D:5)
  A wyvern skeleton (D:7)
  17 killer bees
  12 wights
  3 howler monkeys
  2 centaur zombies
  2 jellies
  4 orc priests
  A centaur skeleton (D:5)
  7 hounds
  A bullfrog skeleton (D:5)
  2 gnoll shamans
  8 iguanas
  Terence (D:2)
  6 orc wizards
  2 howler monkey skeletons (D:7)
  15 gnolls
  5 river rats (Sewer)
  16 adders
  2 white imps
  5 ufetubi
  An adder skeleton (D:4)
  2 worms
  4 dart slugs
  17 orcs
  5 endoplasms
  4 giant cockroaches
  8 goblins
  4 hobgoblins
  6 jackals (Sewer)
  2 quokkas
  7 ball pythons
  A bat (D:1)
  11 frilled lizards
  12 kobolds
  5 rats
247 creatures vanquished.

Vanquished Creatures (others)
  A kobold (D:9)
  19 plants
20 creatures vanquished.

Grand Total: 267 creatures vanquished

Notes
Turn   | Place    | Note
-------+----------+-------------------------------------------
     0 | D:1      | frimble the Demonspawn Warper began the quest for the Orb.
     0 | D:1      | Reached XP level 1. HP: 16/16 MP: 3/3
   217 | D:1      | Found a faded altar of an unknown god.
   372 | D:1      | Discovered your monstrous ancestry.
   372 | D:1      | Gained mutation: You have a small tail. [demonic ancestry]
   372 | D:1      | Reached XP level 2. HP: 15/22 MP: 5/5
   891 | D:1      | Reached skill level 1 in Unarmed Combat
   891 | D:1      | Gained mutation: You have large cloven feet. [demonic
                  | ancestry]
   891 | D:1      | Reached XP level 3. HP: 7/27 MP: 6/6
  1352 | D:1      | Found Hoohil's Book Shop.
  1690 | D:2      | Noticed Terence
  1719 | D:2      | Killed Terence
  1720 | D:2      | Reached skill level 2 in Unarmed Combat
  1997 | D:2      | Gained mutation: You regenerate magic rapidly. [demonic
                  | ancestry]
  1997 | D:2      | Reached XP level 4. HP: 33/33 MP: 7/7
  2976 | D:3      | Reached skill level 3 in Unarmed Combat
  3760 | D:4      | Noticed a gnoll sergeant
  3769 | D:5      | Entered Level 5 of the Dungeon
  3796 | D:5      | Noticed a shadow
  3800 | D:5      | Killed a shadow
  3801 | D:5      | Reached skill level 5 in Unarmed Combat
  3801 | D:5      | Reached XP level 5. HP: 38/38 MP: 8/8
  3801 | D:5      | Gained mutation: When hurt, damage is shared between your
                  | health and your magic reserves. [demonic ancestry]
  3801 | D:5      | Reached XP level 6. HP: 44/44 MP: 9/9
  3802 | D:5      | Found a glowing drain.
  3815 | Sewer    | Entered a sewer
  5120 | D:5      | Identified a scroll of acquirement
  5120 | D:5      | Acquired a +4 ring of slaying
  5205 | D:5      | Reached skill level 6 in Unarmed Combat
  5217 | D:5      | Reached XP level 7. HP: 25/50 MP: 5/10
  5909 | D:5      | Noticed a vampire
  5913 | D:5      | Killed a vampire
  5935 | D:5      | Reached skill level 7 in Unarmed Combat
  5935 | D:5      | Gained mutation: You have sharp fingernails. [demonic
                  | ancestry]
  5935 | D:5      | Reached XP level 8. HP: 51/60 MP: 11/11
  6484 | D:5      | Reached skill level 5 in Fighting
  6721 | D:4      | Reached skill level 5 in Dodging
  6721 | D:4      | Noticed Grinder
  6733 | D:4      | Killed Grinder
  6734 | D:4      | Reached skill level 8 in Unarmed Combat
  6734 | D:4      | Gained mutation: You have hoof-like feet. [demonic
                  | ancestry]
  6734 | D:4      | Reached XP level 9. HP: 37/68 MP: 7/12
  6964 | D:4      | Found Ineasoth's Weapon Shop.
  7062 | D:4      | Noticed Pikel
  7079 | D:4      | Killed Pikel
  7186 | D:4      | Found a basalt altar of Yredelemnul.
  7930 | D:6      | Reached skill level 1 in Armour
  8166 | D:6      | Noticed a two-headed ogre
  8177 | D:6      | Killed a two-headed ogre
  8178 | D:6      | Reached skill level 9 in Unarmed Combat
  8669 | D:6      | Gained mutation: You have hooves in place of feet. [demonic
                  | ancestry]
  8669 | D:6      | Reached XP level 10. HP: 71/79 MP: 10/13
  8880 | D:7      | Found a staircase to the Ecumenical Temple.
 10232 | D:8      | Noticed a gargoyle
 10241 | D:8      | Killed a gargoyle
 10599 | D:8      | Reached skill level 5 in Armour
 10599 | D:8      | Reached skill level 10 in Unarmed Combat
 11285 | D:9      | Found a bloodstained altar of Trog.
 11318 | D:10     | Entered Level 10 of the Dungeon
 11792 | D:9      | Reached XP level 11. HP: 67/84 MP: 14/14
 12296 | Temple   | Entered the Ecumenical Temple
 12590 | Temple   | Became a worshipper of Uskayaw the Reveller
 12671 | D:10     | Reached * piety under Uskayaw
 12679 | D:9      | Reached ** piety under Uskayaw
 12682 | D:9      | Reached *** piety under Uskayaw
 12685 | D:9      | Reached **** piety under Uskayaw
 12803 | D:10     | Found a staircase to the Lair.
 12845 | D:10     | Paralysed by a hornet for 3 turns
 12847 | D:10     | HP: 4/84 [electric eel/bolt of electricity (6)]
 12848 | D:10     | HP: 1/84 [hornet (11)]
 12848 | D:10     | Killed from afar by an electric eel

Illustrated notes

Levels and vault maps discovered:
D:1:      dpeg_arrival_shrine, layout_loops_corners,
          hellmonk_ecumenical_altar_pennies_from_heaven, serial_shops,
          nicolae_lakefront_shop
D:2:      layout_rooms, minmay_misc_feat_encased, st_stairs_11, uniq_terence
D:3:      layout_basic
D:4:      layout_gridville, mainiacjoe_overflow_chevrons, serial_shops,
          nicolae_shop_competitors_out_of_business, minmay_surrounded,
          uniq_pikel, uniq_grinder
D:5:      kennysheep_windowed_halls, layout_rooms,
          cheibrodos_sewer_entry_sluice, mrwooster_statue_mirror,
          grunt_ministairs_6
D:6:      cheibrodos_quashed, layout_rooms
D:7:      layout_rooms, minmay_temple_entry_gardened_gates, minmay_lizard_king
D:8:      layout_rooms
D:9:      layout_rooms, mainiacjoe_overflow_boulevard
D:10:     layout_rooms, erik_lair_island, zombieorc2_lemuel,
          minmay_hollow_rounded_squares
Temple:   mainiacjoe_temple_big_plus

Skill      XL: |  1  2  3  4  5  6  7  8  9 10 11 |
---------------+----------------------------------+-----
Long Blades    | 2 |  2.2
Dodging        | 2 3 5 6 |  6.1
Unarmed Combat | 1 2 5 6 7 8 9 10 | 10.5
Fighting       | 3 5 7 9 |  9.3
Armour         | 3 5 6 |  6.0
Throwing       | |  0.8
Spellcasting   | |  2.9
Translocations | |  2.6
Invocations    | |  0.6

Action                   |  1- 3 |  4- 6 |  7- 9 | 10-12 || total
-------------------------+-------+-------+-------+-------++-------
Melee: Falchion          |    93 |    29 |       |       ||   122
       Tailslap          |     4 |    24 |    32 |    32 ||    92
       Kick              |     7 |    47 |    55 |    77 ||   186
       Unarmed           |       |   206 |   212 |   267 ||   685
       Punch             |       |     3 |     4 |    10 ||    17
Throw: Boomerang         |     3 |       |     5 |     5 ||    13
Evoke: Wand              |       |     3 |     2 |     1 ||     6
  Use: Scroll            |       |     7 |       |     4 ||    11
       Potion            |       |     1 |       |     2 ||     3
 Stab: Paralysed         |       |       |       |     3 ||     3
Armor: Leather armour    |    16 |     7 |       |       ||    23
       Scale mail        |       |    39 |    42 |    24 ||   105
       Chain mail        |       |       |       |    56 ||    56
       Troll leather arm |       |       |       |    40 ||    40
Dodge: Dodged            |    43 |    95 |    80 |   220 ||   438
Block: Other             |    11 |    32 |    31 |     5 ||    79
       Reflection        |     1 |     1 |       |       ||     2

Table legend: (Time is in decaauts)
 A = Elapsed time spent in this place.
 B = Non-inter-level travel time spent in this place.
 C = Inter-level travel time spent in this place.
 D = Time resting spent in this place.
 E = Time spent auto-exploring this place.
 F = Levels seen in this place.
 G = Mean time per level.
                   A        B        C        D        E       F      G
               +--------+--------+--------+--------+--------+-----+--------+
         Total |  12946 |  12367 |    579 |    357 |  10209 |  12 | 1078.8 |
       Dungeon |  11205 |  10690 |    515 |    357 |   8877 |  10 | 1120.5 |
        Temple |    316 |    253 |     63 |      0 |    251 |   1 |  316.0 |
         Sewer |   1424 |   1424 |      0 |      0 |   1081 |   1 | 1424.0 |
               +--------+--------+--------+--------+--------+-----+--------+

Top non-repeatable levels by time:
     D:5: 1753 daAuts
     D:1: 1541 daAuts
   Sewer: 1424 daAuts
     D:8: 1394 daAuts
     D:7: 1164 daAuts
     D:3: 1122 daAuts
     D:4: 1121 daAuts
     D:2: 1092 daAuts
     D:9: 902 daAuts
     D:6: 818 daAuts
  Temple: 316 daAuts
    D:10: 294 daAuts
